 Dungeon Crawl Stone Soup version 0.18.1-48-g4cf74bf (webtiles) character file.

431 Mesmaeker13 the Conjurer (level 6, -2/36 HPs)
             Began as a High Elf Conjurer on Sept 11, 2016.
             Was an Initiate of Vehumet.
             Slain by an ogre
             ... wielding a +0 giant spiked club
              (8 damage)
             ... on level 5 of the Dungeon.
             The game lasted 00:13:54 (4286 turns).

Mesmaeker13 the Conjurer (High Elf Conjurer)        Turns: 4286, Time: 00:13:54

Health: -2/36      AC:  4    Str:  8    XL:     6   Next: 67%
Magic:  8/14       EV: 17    Int: 20    God:    Vehumet [......]
Gold:   180        SH:  0    Dex: 16    Spells: 4 memorised, 4 levels left

rFire  . . .     SeeInvis .     n - +1 dagger (venom)
rCold  . . .     Gourm    .     a - +0 robe
rNeg   . . .     Faith    .     (no shield)
rPois  .         Spirit   .     (no helmet)
rElec  .         Dismiss  .     (no cloak)
rCorr  .         Reflect  .     w - +0 pair of gloves
SustAt .         Harm     .     e - +0 pair of boots
MR     .....                    (no amulet)
Stlth  ++........               t - ring of wizardry
                                q - +2 ring of evasion

@: not resistant to hostile enchantments, unstealthy
A: no striking features
a: Renounce Religion


You were on level 5 of the Dungeon.
You worshipped Vehumet.
Vehumet was noncommittal.
You were not hungry.

You visited 2 branches of the dungeon, and saw 6 of its levels.

You collected 180 gold pieces.

Inventory:

Hand Weapons
 d - a +0 antimagic dagger
 n - a +1 dagger of venom (weapon)
Missiles
 u - 18 poisoned needles
Armour
 a - a +0 robe (worn)
 e - a +0 pair of boots (worn)
 w - a +0 pair of gloves (worn)
Jewellery
 q - a +2 ring of evasion (left hand)
 s - an uncursed ring of see invisible
 t - a ring of wizardry (right hand)
Wands
 p - a wand of digging (13/24)
Scrolls
 h - a scroll of magic mapping {unknown}
 k - a scroll of blinking {unknown}
 m - a scroll of recharging {unknown}
 r - 2 scrolls of remove curse
 v - a scroll of teleportation {unknown}
 x - a scroll of identify
Potions
 l - a potion of heal wounds {unknown}
 o - 4 potions of magic
Books
 b - a book of Conjurations

   Spells                             Type                      Level
   a - Magic Dart                     Conjuration                  1
   b - Searing Ray                    Conjuration                  2
   c - Dazzling Spray                 Conjuration/Hexes            3
   d - Fulminant Prism                Conjuration/Hexes            4
   e - Iskenderun's Mystic Blast      Conjuration                  4
   f - Iskenderun's Battlesphere      Conjuration/Charms           5
Comestibles
 c - 3 bread rations
 g - 6 meat rations
 i - 4 fruits
 j - a royal jelly


   Skills:
 + Level 4.9 Dodging
 - Level 2.1 Stealth
 + Level 4.9 Spellcasting
 + Level 6.2 Conjurations


You had 4 spell levels left.
You knew the following spells:

 Your Spells              Type           Power        Failure   Level  Hunger
a - Magic Dart            Conj           ####         1%          1    None
b - Searing Ray           Conj           ####..       1%          2    #......
c - Dazzling Spray        Conj/Hex       ###...       4%          3    ##.....
d - Iskenderun's Mystic   Conj           ####....     4%          4    ####...


Dungeon Overview and Level Annotations

Branches:
Dungeon (5/15)             Temple (1/1) D:5

Altars:
Cheibriados
Dithmenos
Fedhas
Gozag
Kikubaaqudgha
Makhleb
Nemelex Xobeh
Pakellas
Ru
Sif Muna
Vehumet
The Shining One

Annotations:
D:3 mkm's ghost, amateur TrFi


Message History

The hound closely misses you.
Casting: Magic Dart
Confirm with . or Enter, or press ? or * to list all spells.
Aiming: Searing Ray
Press: ? - help, Shift-Dir - straight line, f/p - hound
Aim: a hound (severely wounded, poisoned)
The searing ray misses the hound.
The hound misses you. x2
The searing ray hits the hound.
The hound is almost dead.
The hound bites you.
The searing ray hits the hound.
You kill the hound!
Vehumet accepts your kill.
The searing ray hits the ogre.
The ogre is moderately wounded.
The ogre hits you with a giant spiked club!!
Ouch! That really hurt!
* * * LOW HITPOINT WARNING * * *
The ogre hits you with a giant spiked club!
You die...

...## ###§§§#...##⌠.⌠######.
....# ####..#§#§#.#..##.>.#......
....###....§§§§§§§[..##⌠.⌠####...
........# §#.#.#..####### #...
........#### #§§.#...#########..#
..!.###....####.######....#...###
....# ####..##..# #....## ....#
##..§§#######.##...### # <.....
###..O@.............### ........
#.#######............ #.........
#.# ..........### #......... ...
#.........# # #......... ....
#....>....### #...............
#.(.......##. .......
..........##. ..#...
#............ .........###


You could see an ogre.

Vanquished Creatures
  Menkaure (D:4)
  A howler monkey (D:5)
  An orc priest (D:1)
  A hound (D:5)
  A giant frog skeleton (D:5)
  Ijyb (D:3)
  An orc wizard (D:1)
  4 adders
  3 dart slugs (D:1)
  4 giant geckos
  8 orcs
  5 bats
  6 giant cockroaches
  7 goblins
  4 hobgoblins
  8 jackals
  7 kobolds
  5 quokkas
  5 giant newts
  A quokka skeleton (D:5)
  5 rats
79 creatures vanquished.

Notes
Turn   | Place    | Note
--------------------------------------------------------------
     0 | D:1      | Mesmaeker13 the High Elf Conjurer began the quest for the Orb.
     0 | D:1      | Reached XP level 1. HP: 11/11 MP: 4/4
   276 | D:1      | Reached XP level 2. HP: 12/17 MP: 6/6
   892 | D:2      | Learned a level 2 spell: Searing Ray
   919 | D:2      | Reached XP level 3. HP: 15/21 MP: 2/8
  1333 | D:2      | Reached skill level 5 in Conjurations
  2020 | D:1      | Reached XP level 4. HP: 27/27 MP: 4/9
  2623 | D:2      | Reached XP level 5. HP: 31/31 MP: 8/11
  2656 | D:2      | Learned a level 3 spell: Dazzling Spray
  2716 | D:3      | Found a blossoming altar of Fedhas.
  2767 | D:3      | Noticed Ijyb
  2790 | D:3      | Killed Ijyb
  3051 | D:3      | Noticed mkm's ghost (amateur TrFi)
  3440 | D:4      | Noticed Menkaure
  3454 | D:4      | Learned a level 4 spell: Iskenderun's Mystic Blast
  3464 | D:4      | Killed Menkaure
  3464 | D:4      | Reached skill level 6 in Conjurations
  3464 | D:4      | Reached XP level 6. HP: 36/36 MP: 8/13
  3801 | D:4      | Found a burning altar of Makhleb.
  3845 | D:5      | Entered Level 5 of the Dungeon
  4001 | D:5      | Found a staircase to the Ecumenical Temple.
  4070 | Temple   | Entered the Ecumenical Temple
  4203 | Temple   | Became a worshipper of Vehumet
  4239 | D:5      | Found a shadowy altar of Dithmenos.
  4286 | D:5      | Slain by an ogre

Skill      XL: |  1  2  3  4  5 |
---------------+----------------+-----
Spellcasting   | 3 4 |  4.9
Dodging        | 3 4 |  4.9
Conjurations   | 5 6 |  6.2
Stealth        | |  2.1

Action                   |  1- 3 |  4- 6 || total
-------------------------+-------+-------++-------
Melee: Club              |    29 |       ||    29
       Short sword       |    16 |    26 ||    42
       Dagger            |       |    31 ||    31
 Cast: Magic Dart        |    73 |    30 ||   103
       Searing Ray       |     1 |    14 ||    15
       Iskenderun's Myst |       |     5 ||     5
  Use: Potion            |       |     3 ||     3
       Scroll            |       |     7 ||     7
 Stab: Sleeping          |     1 |     1 ||     2
  Eat: Fruit             |     3 |       ||     3
       Chunk             |     1 |     6 ||     7
       Royal jelly       |       |     1 ||     1
Armor: Robe              |    13 |    13 ||    26
Dodge: Dodged            |    61 |    83 ||   144
